 Dungeon Crawl Stone Soup version 0.13-a0-3110-gf6e36dc (webtiles) character file.

131 Psiweapon the Skirmisher (level 4, -6/29 HPs)
             Began as a Kobold Fighter on Sept 20, 2013.
             Mangled by a gnoll
             ... wielding a +0,+0 flail
              (8 damage)
             ... on Level 2 of the Dungeon.
             The game lasted 00:06:37 (1276 turns).

Psiweapon the Skirmisher (Kobold Fighter)           Turns: 1276, Time: 00:06:38

HP  -6/29        AC  6     Str 16      XL: 4   Next: 34%
MP   3/3         EV 10     Int  6      God:
Gold 66          SH 11     Dex 14      Spells:  0 memorised,  3 levels left

Res.Fire  : . . .   See Invis. : .   a - +0 short sword
Res.Cold  : . . .   Warding    : .   b - +0 scale mail
Life Prot.: . . .   Conserve   : .   c - +0 buckler
Res.Poison: .       Res.Corr.  : .   (no helmet)
Res.Elec. : .       Clarity    : .   (no cloak)
Sust.Abil.: . .     Spirit.Shd : .   (no gloves)
Res.Mut.  : .       Stasis     : .   (no boots)
Res.Rott. : .       Flight     : .   (no amulet)
Saprovore : + + .                    (no ring)
                                     (no ring)

@: slightly resistant to hostile enchantments, extremely unstealthy
A: disease resistance, carnivore 3, saprovore 2
a: no special abilities


You were on level 2 of the Dungeon.
You were completely stuffed.

You visited 1 branch of the dungeon, and saw 3 of its levels.

You collected 46 gold pieces.

Inventory:

Hand weapons
 a - a +0,+0 short sword (weapon)
 f - a +0,+1 orcish dagger of protection (quivered)
Armour
 b - a +0 scale mail (worn)
 c - a +0 buckler (worn)
Comestibles
 d - 2 meat rations
 g - a chunk of giant newt flesh
 j - a rotting chunk of rat flesh
 n - a rotting chunk of giant newt flesh
Scrolls
 h - a scroll of identify {unknown}
 k - a scroll of enchant weapon I {unknown}
 l - a scroll of enchant weapon II {unknown}
 m - a scroll of random uselessness {unknown}
Potions
 e - 2 potions of curing {unknown}
 i - a potion of heal wounds {unknown}


   Skills:
 + Level 4.0 Fighting
 + Level 3.4 Short Blades
 + Level 2.9 Armour
 - Level 0.5 Dodging
 + Level 2.8 Shields


You had 3 spell levels left.
You didn't know any spells.

Dungeon Overview and Level Annotations

Branches:
Dungeon (3/27)

Altars:

Annotations:
D:3 Chonchonts' ghost, weakling GrMo


Innate Abilities, Weirdness & Mutations

You recuperate from illness quickly.
You are small and have problems with some larger weapons.
You are carnivorous and can eat meat at any time.
You can eat rotten meat.


Message History

The gnoll hits you with a flail.
* * * LOW HITPOINT WARNING * * *
You hit the gnoll.
You kill the gnoll!
Your Fighting skill increases to level 4!
You hit the gnoll.
The gnoll is lightly wounded.
The gnoll picks up a flail.
The gnoll wields a flail.
You hit the gnoll.
The gnoll is moderately wounded.
Your scale mail prevents you from hitting the gnoll.
The gnoll is moderately wounded.
You block the gnoll's attack.
You hit the gnoll.
The gnoll is heavily wounded.
You block the gnoll's attack.
You hit the gnoll.
The gnoll is almost dead.
The gnoll hits you with a flail!
You die...

..# #...........#
.....####..##...###.#
.............>...#.#
#.#.#####...........
#.#.## #........#..
#....####..#...###..
#..........#........
#....####.#########.
#@###.#.# #.
#g##....# #.
#l###.### #. #
#g###.## #. #
#g##...##### . #
#..........## #
........##...##...##
#
##...#.###g##.....##
# ##.##.#
#.g.g.......


You could see 3 gnolls and a giant newt.

Vanquished Creatures
  An adder (D:1)
  A gnoll (D:2)
  A ball python (D:1)
  3 giant cockroaches (D:1)
  8 hobgoblins
  3 jackals (D:2)
  A kobold (D:1)
  4 bats (D:1)
  4 giant newts
  9 goblins
  6 rats
  2 rat skeletons (D:2)
43 creatures vanquished.

Notes
Turn   | Place    | Note
--------------------------------------------------------------
     0 | D:1      | Psiweapon, the Kobold Fighter, began the quest for the Orb.
     0 | D:1      | Reached XP level 1. HP: 14/14 MP: 0/0
   189 | D:1      | Reached XP level 2. HP: 17/19 MP: 1/1
   318 | D:1      | Reached XP level 3. HP: 18/24 MP: 2/2
  1096 | D:2      | Reached XP level 4. HP: 26/28 MP: 3/3
  1111 | D:3      | Noticed Chonchonts' ghost (weakling GrMo)
  1271 | D:2      | Reached skill level 4 in Fighting
  1276 | D:2      | Mangled by a gnoll

Action                   |  1- 3 |  4- 6 || total
-------------------------+-------+-------++-------
Melee: Short sword       |   122 |    29 ||   151
Throw: Dagger            |     4 |       ||     4
       Spear             |     4 |       ||     4
  Use: Scroll            |       |     1 ||     1
